 Dungeon Crawl Stone Soup version bcrawl-1.37.1 (webtiles) character file.

Game seed: 17781694872600649194

423641 Mehrunes the Necromancer (level 14, -6/81 (82) HPs)
             Began as a Skeleton Necromancer on Oct 20, 2022.
             Was a High Priest of Vehumet.
             Mangled by a guardian serpent (12 damage)
             ... on level 2 of the Snake Pit.
             The game lasted 01:34:01 (21904 turns).

Mehrunes the Necromancer (Skeleton Necromancer)    Turns: 21904, Time: 01:34:02

HP:   -6/81 (82)    AC: 20    Str: 21 (23) XL:     14   Next: 49%
MP:   0/26          EV: 10    Int: 18 (19) God:    Vehumet [*****.]
Gold: 1610          SH:  0    Dex: 11 (12) Spells: 2/29 levels left

rFire    + + +     GDR:     32% a - +0 dagger (pain)
rCold    + + .     SeeInvis .   (no shield)
rNeg     + + +     Gourm    .   E - +0 plate armour
rPois    ∞         Faith    .   T - +0 helmet
rElec    .         Spirit   +   v - +1 cloak {MR+}
rCorr    .         Reflect  .   (no gloves)
MR       +++..                  j - +0 pair of boots (curse)
Stlth    ..........             P - amulet of False Pretenses {Regen rF+++ Dex+3}
HPRegen  0.23/turn              u - +8 ring of strength
MPRegen  0.20/turn              F - ring of protection from cold (curse)

@: about to teleport
A: no food or potions, cold resistance 1, deterioration 1, negative energy
resistance 3, powered by death 1, torment resistance, unbreathing, magic shield,
sturdy frame 2, spell healing
a: Renounce Religion


You were on level 2 of the Snake Pit.
You worshipped Vehumet.
Vehumet was extremely pleased with you.
You were not hungry.

You visited 3 branches of the dungeon, and saw 19 of its levels.

You collected 1610 gold pieces.

Inventory:

Hand Weapons
 a - a +0 dagger of pain (weapon)
 l - a +2 dagger of draining
 m - the +1 hand axe of Change {chop, rElec MR- Str+4 Dex+4}
   (You found it on level 8 of the Dungeon)

   It will always inflict at least some extra damage.
   This minimum extra damage increases with your current reserve of magical
   power.
   It affects your strength (+4).
   It affects your dexterity (+4).
   It insulates you from electricity.
   It affects your resistance to hostile enchantments.
 o - a +4 hunting sling of freezing
 y - a +0 rapier of venom
 z - a +2 whip of flaming
 J - the +9 staff of Olgreb {rPois}
   (You found it on level 6 of the Dungeon)

   It protects you from poison.
 R - the cursed +3 war axe "Lahuuh" {drain, rF+ Str+2 Int-3}
   (You found it on level 5 of the Lair of Beasts)

   A truly terrible weapon, it drains the life of those it strikes.
   It affects your strength (+2).
   It affects your intelligence (-3).
   It protects you from fire.
   It has a curse placed upon it.
Missiles
 p - 1091 sling bullets
 A - 416 poisoned tomahawks (quivered)
 M - a throwing net {=f}
Armour
 b - a +0 robe
 d - a +0 leather armour
 e - a +0 pair of boots
 f - a +0 large shield
 g - a +0 ring mail
 j - a cursed +0 pair of boots (worn)
 k - a +1 cloak
 s - the +1 robe of Wu Jian's Benevolence {rF++ Str+2}
   (You found it on level 4 of the Dungeon)

   It affects your strength (+2).
   It greatly protects you from fire.
 v - a +1 cloak of magic resistance (worn)
 x - a +0 scale mail
 E - a +0 plate armour (worn)
 S - a +0 pair of gloves
 T - a +0 helmet (worn)
Jewellery
 h - a +5 amulet of reflection
 r - a +4 amulet of reflection
 u - a +8 ring of strength (left hand)
 w - an uncursed ring of protection from fire
 F - a cursed ring of protection from cold (right hand)
 G - an uncursed ring of poison resistance
 K - an uncursed ring of protection from fire
 O - an uncursed ring of stealth {unknown}
 P - the amulet of False Pretenses (around neck) {Regen rF+++ Dex+3}
   (You found it on level 4 of the Lair of Beasts)

   [amulet of regeneration]

   It affects your dexterity (+3).
   It renders you almost immune to fire.
 Q - a cursed amulet of inaccuracy
 U - an uncursed amulet of magic regeneration
 W - the amulet "Iqelinixt" {Inacc MP+9, unknown}
   (You found it on level 1 of the Snake Pit)

   [amulet of inaccuracy]

   It reduces the accuracy of all your attacks.
   It affects your magic capacity (+9).
Wands
 q - a wand of random effects (11)
 t - a wand of disintegration (26)
 B - a wand of flame (63)
 C - a wand of clouds (3)
 I - a wand of digging (7)
 L - a wand of scattershot (4)
 N - a wand of iceblast (6)
 V - a wand of acid (6)
Scrolls
 c - 11 scrolls of remove curse
 i - 14 scrolls of identify
 n - 2 scrolls of teleportation
 D - 2 scrolls of immolation
 H - a scroll of enchant weapon


   Skills:
 - Level 7.1 Fighting
 - Level 10.0 Short Blades
 - Level 10.4 Armour
 + Level 4.9 Dodging
 - Level 2.4 Stealth
 - Level 8.3 Spellcasting
 - Level 10.0 Conjurations
 - Level 15.0 Necromancy
 - Level 10.0 Fire Magic
 - Level 7.0 Evocations


You had 2 spell levels left.
You knew the following spells:

 Your Spells              Type           Power        Failure   Level  Hunger
a - Necrotize             Necr           ######       1%          1    N/A
b - Vampiric Draining     Necr           ######....   1%          3    N/A
c - Agony                 Necr           ######..     1%          4    N/A
d - Ensorcelled Hibernat  Hex/Ice        #.....       56%         2    N/A
e - Animate Dead          Necr           N/A          1%          4    N/A
f - Dispel Undead         Necr           ######..     2%          5    N/A
g - Fireball              Conj/Fire      #####.....   6%          5    N/A
h - Conjure Flame         Conj/Fire      #####...     1%          3    N/A

Your spell library contained the following spells:

 Spells                   Type           Power        Failure   Level  Hunger
 Airstrike                Air            #.........   73%         4    N/A
 Flame Tongue             Conj/Fire      #####        1%          1    N/A
 Flaming Arrows           Chrm/Fire      ####....     9%          2    N/A
 Sandblast                Erth           #.....       13%         1    N/A
 Slow                     Hex            #.......     43%         1    N/A
 Passwall                 Tmut/Erth      #.......     56%         2    N/A
 Sticky Flame             Conj/Fire      #####...     2%          4    N/A
 Inner Flame              Hex/Fire       N/A          5%          3    N/A
 Stone Arrow              Conj/Erth      ####..       5%          3    N/A
 Dazzling Orbs            Conj/Hex       ####...      19%         3    N/A
 Confuse                  Hex            #.......     80%         3    N/A
 Tukima's Dance           Hex            #.......     80%         3    N/A
 Lee's Rapid Deconstruct  Erth           #.........   95%         5    N/A
 Cause Fear               Hex            #.........   99%         4    N/A
 Petrify                  Tmut/Erth      #.........   99%         4    N/A

Dungeon Overview and Level Annotations

Branches:
Dungeon (11/12)            Temple (0/1) D:6            Lair (6/6) D:7
 Shoals (0/3) Lair:4        Snake (2/3) Lair:4        Slime (0/5) Lair:5
    Orc (0/1) D:10
 Vaults: D:11-12

Altars:
Ashenzari
Cheibriados
Kikubaaqudgha
Qazlal
Sif Muna
Vehumet
Yredelemnul
Jiyva

Shops:
D:7 !   D:10 ([

Annotations:
D:5 ! Eustachio and centrau + ogre, Sigmund
D:6 1 runed door
Lair:1 exclusion: oklob plant
Lair:3 3 runed translucent doors, AVPDCSS's ghost, journeyman HuAc
Lair:4 1 runed door
Lair:5 exclusion: oklob plant
Lair:6 exclusion: 3 doors


Innate Abilities, Weirdness & Mutations

You do not eat or drink.
You are immune to poison.
Your flesh is cold resistant. (rC+)
Your body sometimes deteriorates upon taking damage.
You are immune to negative energy. (rN+++)
You regenerate a little health from kills.
You are immune to unholy pain and torment.
You can survive without breathing.
When hurt, damage is shared between your health and your magic reserves.
Your movements are less encumbered by armour. (ER -4)
Casting spells heals you.


Message History

The naga warrior throws a javelin.
The javelin hits you!! The mana viper bites you!
* * * LOW HITPOINT WARNING * * *
You feel your power leaking away. The naga warrior spits poison at you.
You resist.
The splash of poison hits you but does no damage.
The guardian serpent hits you but does no damage.
As you read the scroll of teleportation, it crumbles to dust.
You feel strangely unstable. The mana viper bites you!
* * * LOW HITPOINT WARNING * * *
Your body deteriorates!
You feel dopey.
You feel your power leaking away.
The guardian serpent casts a spell at you.
You resist.
The bolt of poison hits you but does no damage.
The naga warrior throws a javelin.
The javelin closely misses you. The mana viper bites you.
* * * LOW HITPOINT WARNING * * *
The guardian serpent hits you!
You die...

##........#.....###....).N......
##.......##..)## #...#.........
##......###)## #...##........
#....#.## #)# #...#####.[###
#.....#.####.# #...# ..#
#...........#.#####NN.#####..#
#.!..........................#
#..............SS............
.#.......@.............
############..........
#####...####### #.......<#
#.........# #........##
#.......## ##.....## ##...##


You could see a naga warrior, a mana viper, a guardian serpent and a naga.

Vanquished Creatures
  2 nagarajas
  Azrael (Snake:2)
  A naga warrior (Snake:1)
  Urug (D:11)
  2 hydras
  2 anacondas
  A catoblepas (Lair:3)
  5 death yaks
  3 two-headed ogres
  2 goliath frogs
  A wolf spider zombie (D:9)
  A cyclops (D:11)
  Pikel (D:5)
  2 mana vipers
  An oklob plant (Lair:5)
  12 elephants
  9 black mambas
  A guardian serpent (Snake:1)
  2 naga magi
  5 cane toads
  A rime drake (Lair:4)
  An eye of draining (D:11)
  7 komodo dragons
  Maurice (D:8)
  2 trolls
  3 hornets
  A harpy skeleton (D:11)
  9 blink frogs
  3 slime creatures
  5 dream sheep
  10 hippogriffs
  2 fire elementals (Snake:2)
  Eustachio (D:5)
  29 yaks
  A basilisk (Lair:2)
  3 hungry ghosts
  10 crocodiles
  11 water moccasins
  3 hell hounds (Snake:2)
  8 nagas
  8 orc warriors
  7 porcupines
  2 sky beasts (D:8)
  2 ice beasts
  4 soldier ants (D:6)
  A slave (D:5)
  A black bear (D:11)
  6 ogres
  A phantom (D:8)
  13 wolves
  9 bullfrogs
  A kobold brigand (D:10)
  4 centaurs
  17 killer bees
  2 howler monkeys
  7 electric eels
  3 orc priests
  4 crimson imps
  2 bullfrog zombies
  6 hounds
  2 jellies
  A bullfrog skeleton (D:8)
  Jessica (D:3)
  3 iguanas
  4 orc wizards
  4 hell rats (Lair:4)
  12 worker ants
  2 hound zombies
  A howler monkey skeleton (D:5)
  11 adders
  An ooze (D:2)
  2 adder skeletons (D:5)
  3 leopard geckos
  39 orcs
  A giant cockroach (D:3)
  6 hobgoblins
  3 jackals (D:3)
  8 kobolds
  4 quokkas
  A bat (D:2)
  3 frilled lizards
  A rat (D:2)
  2 butterflies (Lair:3)
  5 plants
386 creatures vanquished.

Vanquished Creatures (collateral kills)
  Snorg (Lair:5)
  A hydra (Lair:5)
  2 elephants (Lair:5)
  2 cane toads
  A polar bear (Lair:6)
  A blink frog (Lair:6)
  2 slime creatures (D:10)
  12 dream sheep
  A fire elemental (Snake:2)
  5 yaks
  A basilisk (Lair:6)
  A naga (Lair:4)
  2 crocodiles
  A hell hound (Snake:2)
  2 water moccasins (Lair:6)
  An ice beast (D:6)
  A wolf (D:7)
  A kobold brigand (D:7)
  A scorpion (D:6)
  A killer bee (D:10)
  2 hell rats
  An adder (D:4)
  A shadow imp (D:6)
  5 orcs
  4 kobolds
  A fungus (Lair:5)
  2 plants (Lair:6)
56 creatures vanquished.

Vanquished Creatures (others)
  An orc wizard (D:8)
  6 fungi
  30 plants
37 creatures vanquished.

Grand Total: 479 creatures vanquished

Notes
Turn   | Place    | Note
-------+----------+-------------------------------------------
     0 | D:1      | Mehrunes the Skeleton Necromancer began the quest for the
                  | Orb.
     0 | D:1      | Reached XP level 1. HP: 10/10 MP: 4/4
   577 | D:1      | Reached skill level 1 in Short Blades
   638 | D:1      | Reached XP level 2. HP: 15/15 MP: 4/6
  1088 | D:2      | Reached skill level 1 in Armour
  1115 | D:2      | Found a snail-covered altar of Cheibriados.
  1936 | D:3      | Reached XP level 3. HP: 19/19 MP: 1/7
  2239 | D:3      | Noticed Jessica
  2245 | D:3      | Killed Jessica
  2246 | D:3      | Reached skill level 5 in Necromancy
  2246 | D:3      | Reached XP level 4. HP: 24/24 MP: 6/8
  2488 | D:3      | Found a faded altar of an unknown god.
  2488 | D:3      | Found a stormy altar of Qazlal.
  2493 | D:3      | Found an ancient bone altar of Kikubaaqudgha.
  2495 | D:3      | Found a blossoming altar of Fedhas.
  2496 | D:3      | Found a faded altar of an unknown god.
  2596 | D:4      | Got an ominously black robe
  2610 | D:4      | Noticed an ogre
  2667 | D:4      | Noticed a phantom
  3018 | D:5      | Entered Level 5 of the Dungeon
  3040 | D:5      | Noticed a centaur
  3280 | D:5      | Learned a level 3 spell: Vampiric Draining
  3285 | D:5      | Learned a level 4 spell: Agony
  3364 | D:5      | Noticed an ogre
  3475 | D:5      | Found a radiant altar of Vehumet.
  3478 | D:5      | Found a glowing golden altar of the Shining One.
  3479 | D:5      | Found a basalt altar of Yredelemnul.
  3479 | D:5      | Noticed Eustachio
  3617 | D:5      | Reached XP level 5. HP: 28/28 MP: 9/9
  3633 | D:5      | Noticed Sigmund
  3683 | D:6      | Found the +9 staff of Olgreb {rPois}
  3724 | D:6      | Found a runed door.
  3812 | D:6      | Found a runed door.
  3819 | D:6      | Noticed a soldier ant
  3825 | D:6      | Gained mutation: You regenerate a little health from kills.
                  | [Skeleton growth]
  3825 | D:6      | Reached XP level 6. HP: 32/32 MP: 6/10
  3888 | D:6      | Reached skill level 6 in Necromancy
  3978 | D:6      | Identified the cursed +1 robe of Wu Jian's Benevolence
                  | {rF++ Str+2} (You found it on level 4 of the Dungeon)
  4005 | D:6      | Noticed an ice beast
  4050 | D:5      | Noticed a crocodile
  4050 | D:5      | a black bear changed into a crocodile
  4447 | D:4      | Reached skill level 5 in Short Blades
  4447 | D:4      | Reached XP level 7. HP: 30/36 MP: 5/11
  5048 | D:5      | Killed Eustachio
  5049 | D:5      | Reached skill level 5 in Armour
  5083 | D:5      | Found a shimmering blue altar of Sif Muna.
  5091 | D:5      | Became a worshipper of Vehumet
  5102 | D:5      | Reached skill level 7 in Necromancy
  5293 | D:5      | Found an ancient bone altar of Kikubaaqudgha.
  5313 | D:5      | Reached XP level 8. HP: 41/41 MP: 9/12
  5334 | D:5      | Noticed Pikel
  5363 | D:5      | Killed Pikel
  5364 | D:5      | Reached skill level 8 in Necromancy
  5775 | D:6      | Found a staircase to the Ecumenical Temple.
  6130 | D:6      | Found a runed gate.
  6135 | D:6      | Noticed a two-headed ogre
  6140 | D:6      | Killed a two-headed ogre
  6141 | D:6      | Reached skill level 9 in Necromancy
  6141 | D:6      | Reached XP level 9. HP: 25/45 MP: 1/13
  6216 | D:6      | Found a runed gate.
  6216 | D:6      | Found a runed gate.
  6438 | D:7      | Found Xaimyup's Distillery.
  6455 | D:7      | Noticed a troll
  6830 | D:7      | Found a staircase to the Lair.
  6906 | D:7      | Got a fading rapier
  6907 | D:7      | Identified the cursed +1 rapier of Mourning {protect,
                  | *Corrode rN++ Str+7} (You found it on level 7 of the
                  | Dungeon)
  7266 | D:8      | Reached skill level 10 in Necromancy
  7387 | D:8      | Learned a level 2 spell: Ensorcelled Hibernation
  7418 | D:8      | Gained mutation: Your movements are less encumbered by
                  | armour. (ER -4) [Skeleton growth]
  7418 | D:8      | Reached XP level 10. HP: 46/50 MP: 2/14
  7480 | D:8      | Reached skill level 10 in Short Blades
  7635 | D:8      | Noticed Maurice
  7643 | D:8      | Noticed a two-headed ogre
  7646 | D:8      | Killed Maurice
  7868 | D:7      | Reached * piety under Vehumet
  7868 | D:7      | Offered knowledge of Magic Dart by Vehumet.
  7924 | D:8      | Got a twisted hand axe
  8078 | D:8      | Reached skill level 10 in Armour
  8160 | D:8      | Killed a two-headed ogre
  8161 | D:8      | Reached skill level 11 in Necromancy
  8354 | D:8      | Reached skill level 1 in Fighting
  9182 | D:8      | Reached skill level 5 in Spellcasting
  9238 | D:9      | Reached ** piety under Vehumet
  9238 | D:9      | Offered knowledge of Sting by Vehumet.
  9310 | D:9      | Noticed a two-headed ogre
  9319 | D:9      | Killed a two-headed ogre
  9320 | D:9      | Reached XP level 11. HP: 59/60 MP: 6/19
  9398 | D:9      | Reached skill level 12 in Necromancy
 10260 | D:9      | Learned a level 4 spell: Animate Dead
 10261 | D:10     | Entered Level 10 of the Dungeon
 10347 | D:10     | Noticed a four-headed hydra
 10360 | D:10     | Killed a four-headed hydra
 10419 | D:10     | Identified the +1 hand axe of Change {chop, rElec MR- Str+4
                  | Dex+4} (You found it on level 8 of the Dungeon)
 10708 | D:10     | Found Atonatu's Armour Emporium.
 10728 | D:10     | Found a staircase to the Orcish Mines.
 10737 | D:10     | Found Sata's Weapon Emporium.
 10815 | D:10     | Offered knowledge of Throw Frost by Vehumet.
 10838 | D:10     | Reached skill level 5 in Fighting
 10989 | D:10     | Reached *** piety under Vehumet
 11179 | D:10     | Found a shattered altar of Ashenzari.
 11430 | D:11     | Noticed a cyclops
 11442 | D:11     | Killed a cyclops
 11488 | D:11     | Noticed Urug
 11501 | D:11     | Killed Urug
 11527 | D:11     | Reached skill level 13 in Necromancy
 11571 | D:11     | Learned a level 5 spell: Dispel Undead
 11947 | D:6      | Offered knowledge of Mephitic Cloud by Vehumet.
 12036 | D:6      | Reached XP level 12. HP: 70/70 MP: 20/24
 12132 | Lair:1   | Entered Level 1 of the Lair of Beasts
 13190 | Lair:2   | Reached skill level 1 in Evocations
 13200 | Lair:2   | Reached **** piety under Vehumet
 13362 | Lair:2   | Learned a level 5 spell: Fireball
 13366 | Lair:2   | Learned a level 3 spell: Conjure Flame
 13570 | Lair:2   | Offered knowledge of Iskenderun's Mystic Blast by Vehumet.
 13576 | Lair:2   | Reached skill level 1 in Conjurations
 13642 | Lair:2   | Reached skill level 1 in Fire Magic
 13820 | Lair:2   | Noticed a death yak
 13820 | Lair:2   | Noticed a death yak
 13850 | Lair:2   | Killed a death yak
 13851 | Lair:2   | Noticed a death yak
 13858 | Lair:2   | Killed a death yak
 13865 | Lair:2   | Noticed a death yak
 13868 | Lair:2   | Killed a death yak
 13890 | Lair:2   | Killed a death yak
 13891 | Lair:2   | Reached skill level 14 in Necromancy
 14089 | Lair:2   | Found a stormy altar of Qazlal.
 14652 | Lair:3   | Noticed a death yak
 14652 | Lair:3   | Noticed a catoblepas
 15077 | Lair:3   | Reached skill level 5 in Evocations
 15132 | Lair:3   | Killed a catoblepas
 15132 | Lair:3   | Reached ***** piety under Vehumet
 15146 | Lair:3   | Killed a death yak
 15410 | Lair:3   | Found a runed translucent gate.
 15410 | Lair:3   | Found a runed translucent gate.
 15410 | Lair:3   | Found a runed translucent gate.
 15411 | Lair:3   | Noticed AVPDCSS's ghost (journeyman HuAc)
 15413 | Lair:3   | Found a viscous altar of Jiyva.
 15512 | Lair:4   | Reached XP level 13. HP: 76/76 MP: 14/25
 15612 | Lair:4   | Offered knowledge of Airstrike by Vehumet.
 15637 | Lair:4   | Found a staircase to the Snake Pit.
 16289 | Lair:4   | Reached skill level 5 in Conjurations
 16378 | Lair:4   | Got a steaming ruby amulet
 16382 | Lair:4   | Identified the amulet of False Pretenses {Regen rF+++
                  | Dex+3} (You found it on level 4 of the Lair of Beasts)
 16671 | Lair:4   | Found a staircase to the Shoals.
 16672 | Lair:4   | Found a runed door.
 17053 | Lair:5   | Reached skill level 15 in Necromancy
 17487 | Lair:5   | Reached skill level 5 in Fire Magic
 17814 | Lair:5   | Got a fading war axe
 17829 | Lair:5   | Noticed Snorg
 17834 | Lair:5   | Killed Snorg
 17897 | Lair:5   | Found a viscous altar of Jiyva.
 17897 | Lair:5   | Found a staircase to the Slime Pits.
 18158 | Lair:5   | Identified the cursed +3 war axe "Lahuuh" {drain, rF+ Str+2
                  | Int-3} (You found it on level 5 of the Lair of Beasts)
 18565 | Lair:6   | Entered Level 6 of the Lair of Beasts
 19778 | Lair:6   | Reached XP level 14. HP: 82/82 MP: 26/26
 20340 | Lair:6   | Reached skill level 10 in Conjurations
 20490 | Snake:1  | Entered Level 1 of the Snake Pit
 20514 | Snake:1  | Noticed a nagaraja
 20531 | Snake:1  | Killed a nagaraja
 21116 | Snake:1  | Got a flickering ivory amulet
 21510 | Snake:2  | Noticed a nagaraja
 21539 | Snake:2  | Killed a nagaraja
 21540 | Snake:2  | Reached skill level 10 in Fire Magic
 21652 | Snake:2  | Noticed Azrael
 21731 | Snake:2  | Killed Azrael
 21904 | Snake:2  | Mangled by a guardian serpent

Skill      XL: |  1  2  3  4  5  6  7  8  9 10 11 12 13 14 |
---------------+-------------------------------------------+-----
Short Blades   | 1 2 3 5 6 8 9 10 | 10.0
Armour         | 1 2 3 4 5 7 9 10 | 10.4
Necromancy     | 5 6 7 9 10 11 13 14 15 | 15.0
Fighting       | 3 6 7 |  7.1
Spellcasting   | 5 8 |  8.3
Evocations     | 5 7 |  7.0
Conjurations   | 4 9 10 | 10.0
Fire Magic     | 3 7 10 | 10.0
Dodging        | 4 |  4.9
Stealth        | |  2.4

Action                   |  1- 3 |  4- 6 |  7- 9 | 10-12 | 13-15 || total
-------------------------+-------+-------+-------+-------+-------++-------
Melee: Dagger            |    48 |    23 |    39 |   529 |   454 ||  1093
       Rapier            |       |       |   180 |   250 |    28 ||   458
       Whip              |       |       |       |    24 |    37 ||    61
       Hand axe          |       |       |       |    12 |    10 ||    22
       Staff             |       |       |       |     4 |     1 ||     5
 Fire: Hunting sling     |     5 |    16 |     2 |       |     5 ||    28
Throw: Tomahawk          |       |       |     6 |       |     3 ||     9
 Cast: Necrotize         |    50 |    60 |    75 |   142 |   192 ||   519
       Vampiric Draining |       |       |    12 |    59 |    42 ||   113
       Agony             |       |       |     4 |    25 |    23 ||    52
       Ensorcelled Hiber |       |       |     3 |     1 |       ||     4
       Animate Dead      |       |       |       |     6 |    13 ||    19
       Conjure Flame     |       |       |       |     7 |     8 ||    15
       Fireball          |       |       |       |       |    11 ||    11
Evoke: Wand              |       |     8 |     5 |       |    21 ||    34
       Staff of Olgreb   |       |       |       |    25 |    14 ||    39
  Use: Scroll            |     1 |     1 |     9 |       |    12 ||    23
 Stab: Distracted        |       |     1 |       |     2 |       ||     3
       Sleeping          |       |       |       |     1 |       ||     1
Armor: Leather armour    |     4 |       |       |       |       ||     4
       Ring mail         |     9 |    17 |       |       |       ||    26
       Scale mail        |       |     9 |    93 |    43 |       ||   145
       Plate armour      |       |       |       |   360 |   310 ||   670
Dodge: Dodged            |     8 |    26 |    92 |   293 |   224 ||   643
Block: Other             |       |    18 |    44 |   153 |    26 ||   241
       Reflection        |       |     1 |     2 |     4 |       ||     7
